 Dungeon Sprint DCSS version 0.30-a0-172-gc5509c9e31 (webtiles) character file.

Game seed: 9459695365727651803

36894 hellse the End of an Era (level 13, -10/120 HPs)
             Began as a Demonspawn Fighter on Oct 1, 2022.
             Was the Champion of Qazlal.
             Mangled by a sun moth (18 damage)
             ... in the Dungeon (Sprint IX: "|||||||||||||||||||||||||||||").
             The game lasted 00:08:06 (3796 turns).

hellse the End of an Era (Demonspawn Fighter)       Turns: 3796, Time: 00:08:07

Health: -10/120    AC: 26    Str: 24    XL:     13   Next: 55%
Magic:  12/30      EV: 12    Int: 14    God:    Qazlal [******]
Gold:   1428       SH: 14    Dex: 12    Spells: 12/12 levels left

rFire   + . .      SeeInvis .    m - +2 scimitar (flame)
rCold   . . .      Faith    .    c - +0 buckler
rNeg    . . .      Spirit   .    K - +3 chain mail
rPois   .          Reflect  .    x - +0 helmet
rElec   .          Harm     .    I - +1 cloak
rCorr   .          Rampage  .    y - +0 pair of gloves
Will    .....      NoTele   +    G - +1 pair of boots
Stlth   ..........               (no amulet)
HPRegen 0.40/turn                p - +3 ring of intelligence
MPRegen 0.22/turn                q - +3 ring of strength

@: on fire, protected from fire, glowing, repel missiles
A: hooves 2, rugged brown scales 2, demonic guardian 2
a: Renounce Religion, Upheaval, Elemental Force, Disaster Area


You were in the Dungeon.
You worshipped Qazlal.
Qazlal was exalted by your worship.
You visited 1 branch You collected 1428 gold pieces.

Inventory:

Hand Weapons
 a - a +0 long sword
 m - a +2 scimitar of flaming (weapon)
 A - a +1 scimitar of flaming
 F - a +1 vampiric demon whip
Missiles
 z - 8 javelins (quivered)
Armour
 b - a +0 scale mail
 c - a +0 buckler (worn)
 n - a +0 cloak
 o - a +0 plate armour
 w - a +0 cloak
 x - a +0 helmet (worn)
 y - a +0 pair of gloves (worn)
 G - a +1 pair of boots (worn)
 H - the +2 pair of gloves of Ulias {rF- rN+ Int+3 Dex+6}
   (You found it in the Dungeon)

   Int:       It affects your intelligence (+3).
   Dex:       It affects your dexterity (+6).
   rF:        It makes you vulnerable to fire.
   rN:        It protects you from negative energy.
 I - a +1 cloak (worn)
 J - +1 fire dragon scales
 K - a +3 chain mail (worn)
Jewellery
 p - a +3 ring of intelligence (left hand)
 q - a +3 ring of strength (right hand)
 B - a ring of see invisible
 C - a ring of protection from cold
 D - a ring of fire
 E - a ring of flight
Wands
 l - a wand of quicksilver (7)
Scrolls
 j - 2 scrolls of blinking
 k - 2 scrolls of amnesia
 t - 4 scrolls of identify
 u - 4 scrolls of enchant armour
 v - 4 scrolls of enchant weapon
 L - a scroll of butterflies
Potions
 d - 3 potions of might
 e - 6 potions of curing
 f - 3 potions of heal wounds
 g - 2 potions of haste
 h - 4 potions of magic
 i - a potion of invisibility
 r - 4 potions of brilliance
Miscellaneous
 s - a tin of tremorstones (2/2)


   Skills:
 - Level 15.1 Fighting
 - Level 15.8 Long Blades
 - Level 14.6 Armour
 + Level 9.4 Dodging
 + Level 9.9 Shields
 O Level 27 Invocations


You had 12 spell levels left.
You didn't know any spells.
Your spell library was empty.

Dungeon Overview and Level Annotations

Branches:
Dungeon (1/1)

Altars:
Cheibriados
Dithmenos
Fedhas
Gozag
Hepliaklqana
Kikubaaqudgha
Makhleb
Nemelex Xobeh
Okawaru
Qazlal
Ru
Sif Muna
Trog
Uskayaw
Vehumet
Wu Jian
Xom
Yredelemnul
Jiyva
Lugonu

Shops:
D :(::


Innate Abilities, Weirdness & Mutations

You have hoof-like feet.
You are mostly covered in rugged brown scales. (AC +2, +5% HP)
A demonic guardian rushes to your aid.


Message History

Unknown command.
Unknown command.
You hit the sun moth but do no damage.
The sun moth is moderately wounded.
You hear a skittering sound.
You block the sun moth's attack.
You hit the sun moth but do no damage.
The sun moth is moderately wounded.
You block the sun moth's attack. x2
You hit the sun moth but do no damage.
The sun moth is moderately wounded.
You block the sun moth's attack.
You hit the sun moth but do no damage.
The sun moth is moderately wounded.
The sun moth bites you!
You are covered in liquid flames.
You are covered in liquid flames!
You slice the sun moth!!
The sun moth is heavily wounded.
You are covered in liquid flames!
You feel protected from fire.
You hear a skittering sound.
The sun moth bites you! The sun moth bites you.
You are too injured to fight recklessly!
You are too injured to fight recklessly!
Aiming: Upheaval
Press: ? - help, Dir - move target, f - sun moth
Aim: a sun moth (heavily wounded, berserk, haloed) That beam is likely to hit you.
Continue anyway?
A storm cloud blasts the area with cutting wind!
The cutting wind hits you!!!
* * * LOW HITPOINT WARNING * * *
A demonic guardian appears!
Your demonic guardian avoids your attack.
The cutting wind hits the sun moth!!!
The sun moth is almost dead.
You are covered in liquid flames!
You feel more protected from fire.
* * * LOW HITPOINT WARNING * * *
The sun moth bites you!!
You die...

▓▓▓▓▓▓▓▓▓▓▓▓▓▓▓▓▓♣♣♣♣♣♣♣
s≈†≈††y@4.)≈≈...'...†.≈≈
▓▓▓▓▓▓▓▓▓▓▓▓▓▓▓▓▓▓▓▓▓▓▓▓▓▓♣♣♣♣♣♣♣
.................................
▓▓▓▓▓▓▓▓▓▓▓▓▓▓▓▓▓▓▓▓▓▓▓▓▓▓▓▓▓▓▓▓▓
))..)(.('.............[[[...)))))
▓▓▓▓▓▓▓▓▓▓▓▓▓▓▓▓▓▓▓▓▓▓▓▓▓▓▓▓▓▓▓▓▓
..................[).............
▓▓▓▓▓▓▓▓▓▓▓▓▓▓▓▓▓▓▓▓▓▓▓▓▓▓▓▓▓▓▓▓▓
∩.∩)∩....)'....))).)..[)......≈[)


You could see a sun moth (berserk, ally target), a wolf spider (soul bound) and
a friendly hellwing (summoned).

Vanquished Creatures
  A lich (D)
  Gastronok (D)
  2 stone giants (D)
  A vampire knight (D)
  An ettin (D)
  A merfolk javelineer (D)
  A shambling mangrove (D)
  2 hydras (D)
  A rakshasa (D)
  A radroach (D)
  A ghost crab (D)
  2 two-headed ogres (D)
  3 centaur warriors (D)
  3 boulder beetles (D)
  An orc high priest (D)
  A death yak (D)
  A tengu warrior (D)
  Urug (D)
  A pharaoh ant (D)
  A goliath frog (D)
  A spriggan druid (D)
  A sea snake (D)
  A steelbarb worm (D)
  3 swamp dragons (D)
  11 orc knights (D)
  A deep elf pyromancer (D)
  A harpy (D)
  A cyclops (D)
  2 manticores (D)
  2 moths of wrath (D)
  An ugly thing (D)
  A black mamba (D)
  A water nymph (D)
  2 cane toads (D)
  A demonic crawler (D)
  2 rime drakes (D)
  Psyche (D)
  2 trolls (D)
  A merfolk (D)
  A tarantella (D)
  2 tyrant leeches (D)
  3 blink frogs (D)
  2 snapping turtles (D)
  A water elemental (D)
  A vampire (D)
  2 wyverns (D)
  3 yaks (D)
  5 vampire mosquitoes (D)
  A basilisk (D)
  A water moccasin (D)
  10 orc warriors (D)
  2 centaurs (D)
  2 phantoms (D)
  3 bullfrogs (D)
  A jelly (D)
  8 orc priests (D)
  An iguana (D)
  3 orc wizards (D)
  A dart slug (D)
  7 orcs (D)
  A giant cockroach (D)
  A bat (D)
  A frilled lizard (D)
  A rat (D)
127 creatures vanquished.

Vanquished Creatures (collateral kills)
  A boulder beetle (D)
  A black mamba (D)
2 creatures vanquished.

Vanquished Creatures (others)
  Erica (D)
1 creature vanquished.

Grand Total: 130 creatures vanquished

Notes
Turn   | Place    | Note
-------+----------+-------------------------------------------
     0 | D        | hellse the Demonspawn Fighter began the quest for the Orb.
     0 | D        | Reached XP level 1. HP: 18/18 MP: 1/1
    23 | D        | Noticed a phantom
    23 | D        | Noticed an orc wizard
    23 | D        | Noticed a jelly
    23 | D        | Noticed an iguana
    23 | D        | Noticed a phantom
    31 | D        | Killed a phantom
    32 | D        | Gained mutation: A weak demonic guardian rushes to your
                  | aid. [demonic ancestry]
    32 | D        | Reached XP level 2. HP: 24/24 MP: 2/2
    32 | D        | Reached XP level 3. HP: 29/29 MP: 3/3
    32 | D        | Gained mutation: You have large cloven feet. [demonic
                  | ancestry]
    32 | D        | Reached XP level 4. HP: 35/35 MP: 4/4
    43 | D        | Gained mutation: A demonic guardian rushes to your aid.
                  | [demonic ancestry]
    43 | D        | Reached XP level 5. HP: 8/41 MP: 5/5
    50 | D        | Killed a phantom
    81 | D        | Found a snail-covered altar of Cheibriados.
    81 | D        | Found a shadowy altar of Dithmenos.
    81 | D        | Found a blossoming altar of Fedhas.
    81 | D        | Found an opulent altar of Gozag.
    82 | D        | Found a hazy altar of Hepliaklqana.
    83 | D        | Found a viscous altar of Jiyva.
    84 | D        | Found an ancient bone altar of Kikubaaqudgha.
    85 | D        | Found a corrupted altar of Lugonu.
    86 | D        | Found a burning altar of Makhleb.
    87 | D        | Found a sparkling altar of Nemelex Xobeh.
    88 | D        | Found an iron altar of Okawaru.
    89 | D        | Found a stormy altar of Qazlal.
    90 | D        | Found a sacrificial altar of Ru.
    91 | D        | Found a shimmering blue altar of Sif Muna.
    92 | D        | Found a bloodstained altar of Trog.
    93 | D        | Found a hide-covered altar of Uskayaw.
    94 | D        | Found a radiant altar of Vehumet.
    95 | D        | Found an ornate altar of the Wu Jian Council.
    96 | D        | Found a shimmering altar of Xom.
    97 | D        | Became a worshipper of Qazlal Stormbringer
    98 | D        | Found a basalt altar of Yredelemnul.
   202 | D        | Noticed a centaur
   202 | D        | Noticed a centaur
   202 | D        | Noticed a troll
   202 | D        | Noticed a two-headed ogre
   202 | D        | Noticed a vampire
   208 | D        | Killed a vampire
   209 | D        | Gained mutation: You are partially covered in rugged brown
                  | scales. (AC +1, +3% HP) [demonic ancestry]
   209 | D        | Reached XP level 6. HP: 29/58 MP: 6/6
   246 | D        | Reached * piety under Qazlal
   247 | D        | Reached skill level 10 in Fighting
   247 | D        | Reached XP level 7. HP: 47/67 MP: 7/7
   251 | D        | Killed a two-headed ogre
   252 | D        | Reached XP level 8. HP: 17/82 MP: 8/8
   259 | D        | Killed a troll
   259 | D        | Reached ** piety under Qazlal
   478 | D        | Noticed a two-headed ogre
   478 | D        | Noticed a troll
   478 | D        | Noticed a centaur warrior
   478 | D        | Noticed a deep elf pyromancer
   478 | D        | Noticed a manticore
   489 | D        | Reached skill level 15 in Fighting
   496 | D        | Killed a manticore
   501 | D        | Killed a deep elf pyromancer
   502 | D        | Reached XP level 9. HP: 23/91 MP: 9/9
   517 | D        | Killed a centaur warrior
   517 | D        | Reached *** piety under Qazlal
   575 | D        | Killed a troll
   576 | D        | Reached skill level 15 in Long Blades
   582 | D        | Killed a two-headed ogre
   912 | D        | Noticed a black mamba
   912 | D        | Noticed a boulder beetle
   916 | D        | Noticed a cane toad
   925 | D        | Reached skill level 3 in Invocations
   929 | D        | Reached skill level 4 in Invocations
   930 | D        | Killed a boulder beetle
   930 | D        | Reached **** piety under Qazlal
   931 | D        | Reached skill level 9 in Invocations
   931 | D        | Reached XP level 10. HP: 71/98 MP: 4/16
   933 | D        | Reached skill level 10 in Invocations
   948 | D        | Killed a black mamba
   949 | D        | Reached skill level 11 in Invocations
   963 | D        | Killed a cane toad
   963 | D        | Reached ***** piety under Qazlal
   964 | D        | Reached skill level 12 in Invocations
   969 | D        | Reached skill level 13 in Invocations
  1242 | D        | Noticed a black mamba
  1242 | D        | Noticed a boulder beetle
  1244 | D        | Reached skill level 15 in Invocations
  1245 | D        | Noticed a death yak
  1247 | D        | Noticed a six-headed hydra
  1252 | D        | Killed a six-headed hydra
  1252 | D        | Killed a black mamba
  1252 | D        | Killed a death yak
  1253 | D        | Reached skill level 18 in Invocations
  1253 | D        | Gained mutation: You are mostly covered in rugged brown
                  | scales. (AC +2, +5% HP) [demonic ancestry]
  1253 | D        | Reached XP level 11. HP: 5/107 MP: 5/24
  1256 | D        | Killed a boulder beetle
  1257 | D        | Reached skill level 19 in Invocations
  1540 | D        | Reached ****** piety under Qazlal
  1541 | D        | Reached skill level 20 in Invocations
  1791 | D        | Noticed Urug
  1793 | D        | Paralysed by Urug for 5 turns
  1807 | D        | Killed Urug
  1808 | D        | Reached skill level 21 in Invocations
  1889 | D        | Noticed Gastronok
  1904 | D        | Killed Gastronok
  1905 | D        | Reached skill level 22 in Invocations
  2159 | D        | Noticed an orc knight
  2159 | D        | Noticed an orc knight
  2165 | D        | Noticed an orc high priest
  2166 | D        | Killed an orc knight
  2166 | D        | Killed an orc high priest
  2167 | D        | Reached skill level 23 in Invocations
  2179 | D        | Killed an orc knight
  2180 | D        | Reached skill level 24 in Invocations
  2423 | D        | Found Tairefo's Book Boutique.
  2423 | D        | Noticed an orc knight
  2423 | D        | Noticed an orc knight
  2424 | D        | Killed an orc knight
  2424 | D        | Killed an orc knight
  2424 | D        | Noticed an orc knight
  2425 | D        | Reached skill level 25 in Invocations
  2427 | D        | Killed an orc knight
  2428 | D        | Found Huoxel's Book Shop.
  2428 | D        | Noticed an orc knight
  2432 | D        | Killed an orc knight
  2433 | D        | Reached skill level 26 in Invocations
  2433 | D        | Gained mutation: You have hoof-like feet. [demonic
                  | ancestry]
  2433 | D        | Reached XP level 12. HP: 114/114 MP: 8/29
  2452 | D        | Found Remoam's Weapon Boutique.
  2455 | D        | Reached skill level 27 in Invocations
  2472 | D        | Found Xeawadef's Book Shop.
  2659 | D        | Noticed Erica
  2661 | D        | Noticed Psyche
  2680 | D        | Killed Erica
  2681 | D        | Reached skill level 5 in Armour
  2683 | D        | Killed Psyche
  2817 | D        | Got the +2 pair of gloves of Ulias {rF- rN+ Int+3 Dex+6}
  2867 | D        | Noticed a centaur warrior
  2867 | D        | Noticed a centaur warrior
  2867 | D        | Noticed a boulder beetle
  2868 | D        | Killed a centaur warrior
  2868 | D        | Killed a centaur warrior
  2868 | D        | Killed a boulder beetle
  2874 | D        | Noticed a stone giant
  2876 | D        | Reached skill level 10 in Armour
  2876 | D        | Killed a tengu warrior
  2879 | D        | Killed a stone giant
  2899 | D        | Killed a boulder beetle
  2915 | D        | Noticed a lich
  2920 | D        | Noticed a rakshasa
  2924 | D        | Noticed an ettin
  2928 | D        | Killed an ettin
  2928 | D        | Killed a rakshasa
  2928 | D        | Killed a lich
  2984 | D        | Noticed a stone giant
  2994 | D        | Killed a stone giant
  3252 | D        | Noticed a vampire knight
  3257 | D        | Paralysed by a vampire knight for 3 turns
  3278 | D        | Killed a vampire knight
  3279 | D        | Reached XP level 13. HP: 19/120 MP: 21/30
  3636 | D        | Reached skill level 5 in Shields
  3713 | D        | Noticed a merfolk javelineer
  3714 | D        | Killed a merfolk javelineer
  3796 | D        | Mangled by a sun moth

Illustrated notes

Levels and vault maps discovered:
D:        linesprint [early_d, line_temple, items_1, d_10, items_2, lair_1,
          lair_end, items_3, orc_1, orc_end, items_4, d_15, swamp_1, shoals_1,
          snake_1, spider_1, d_20, vaults_1, items_5, swamp_end, shoals_end,
          snake_end, spider_end, vaults_end, d_27, items_6, zot_1, zot_end,
          crypt_end, forest_end, elf_end, slime_end, tomb_end, abyss_end,
          pan_hell_end]

Skill      XL: |  1  2  3  4  5  6  7  8  9 10 11 12 13 |
---------------+----------------------------------------+-----
Long Blades    | 7 9 11 13 15 | 15.8
Fighting       | 8 10 13 15 | 15.1
Invocations    | 9 18 26 27 | 27.0
Armour         | 14 | 14.6
Dodging        | 9 |  9.4
Shields        | 9 |  9.9

Action                   |  1- 3 |  4- 6 |  7- 9 | 10-12 | 13-15 || total
-------------------------+-------+-------+-------+-------+-------++-------
Melee: Long sword        |    20 |    14 |       |       |       ||    34
       Kick              |       |     5 |    18 |    50 |       ||    73
       Scimitar          |       |     5 |    60 |   214 |    31 ||   310
Invok: Upheaval          |       |       |     2 |    18 |     5 ||    25
       Disaster Area     |       |       |       |     7 |     4 ||    11
Evoke: Wand              |       |     3 |       |       |       ||     3
  Use: Potion            |     1 |       |     5 |     1 |       ||     7
       Scroll            |       |       |     1 |       |       ||     1
Armor: Scale mail        |     9 |     4 |       |       |       ||    13
       Plate armour      |       |     1 |    37 |    17 |       ||    55
       Chain mail        |       |       |       |    15 |     7 ||    22
Dodge: Dodged            |     3 |     3 |    12 |    27 |     1 ||    46
       Repelled          |       |       |       |     3 |       ||     3
Block: Buckler           |     4 |     3 |    20 |    61 |    17 ||   105

Table legend: (Time is in decaauts)
 A = Elapsed time spent in this place.
 B = Non-inter-level travel time spent in this place.
 C = Inter-level travel time spent in this place.
 D = Time resting spent in this place.
 E = Time spent auto-exploring this place.
 F = Levels seen in this place.
 G = Mean time per level.
                   A        B        C        D        E       F      G
               +--------+--------+--------+--------+--------+-----+--------+
         Total |   3733 |   3733 |      0 |   2295 |    602 |   1 | 3733.0 |
       Dungeon |   3733 |   3733 |      0 |   2295 |    602 |   1 | 3733.0 |
               +--------+--------+--------+--------+--------+-----+--------+

Top non-repeatable levels by time:
       D: 3733 daAuts
